PAAA
SANTA BARBARA GOLDEN CRANES @ PLYMOUTH ROCKS
06/30/2033
 
TOP OF THE 1ST
Santa Barbara Golden Cranes batting - Pitching for Plymouth Rocks : RHP Nebosja Draskovic
Pitching: RHP Nebosja Draskovic
Batting: RHB James Pike 0-0: Foul Ball, location: 2F
0-1: Called Strike
0-2: Foul Ball, location: 2F
0-2: Foul Ball, location: 2F
0-2: Ball
1-2: Foul Ball, location: 2F
1-2: Ground out U3 (Groundball, 34)
Batting: RHB Ed St. James 0-0: Called Strike
0-1: Ball
1-1: Ball
2-1: Foul Ball, location: 2F
2-2: Foul Ball, location: 2F
2-2: Ball
3-2: Base on Balls
Batting: LHB Armando Villarreal 0-0: Called Strike
0-1: Ball
1-1: Foul Ball, location: 2F
1-2: Strikes out looking
Batting: LHB Jin-song Seah 0-0: Foul Ball, location: 2F
0-1: Ball
1-1: Fly out, F3 (Popup, 3S)
Top of the 1st over - 0 runs, 0 hits, 0 errors, 1 left on base; Santa Barbara 0 - Plymouth 0
BOTTOM OF THE 1ST
Plymouth Rocks batting - Pitching for Santa Barbara Golden Cranes : RHP José Guillén
Pitching: RHP José Guillén
Batting: LHB Jeff Lawson 0-0: Called Strike
0-1: Ground out 1-3 (Groundball, P)
Batting: LHB José Castillo 0-0: Ball
1-0: Called Strike
1-1: Ball
2-1: Fly out, F5 (Line Drive, 56)
Batting: RHB Scott McMahon 0-0: Ground out 6-3 (Groundball, 6S)
Bottom of the 1st over - 0 runs, 0 hits, 0 errors, 0 left on base; Santa Barbara 0 - Plymouth 0
TOP OF THE 2ND
Santa Barbara Golden Cranes batting - Pitching for Plymouth Rocks : RHP Nebosja Draskovic
Batting: LHB Xu Cheng 0-0: Ball
1-0: Ball
2-0: Ball
3-0: Base on Balls
Batting: RHB Rodney Usry 0-0: Ball
1-0: Called Strike
1-1: Called Strike
Pickoff Throw by Catcher to First - Out!
1-2: Strikes out swinging
Batting: RHB Gilbert Graham 0-0: Ball
1-0: Foul Ball, location: 2F
1-1: Swinging Strike
1-2: Foul Ball, location: 2F
1-2: Ball
2-2: Foul Ball, location: 2F
2-2: Foul Ball, location: 2F
2-2: Ground out 6-3 (Groundball, 6M)
Top of the 2nd over - 0 runs, 0 hits, 0 errors, 0 left on base; Santa Barbara 0 - Plymouth 0
BOTTOM OF THE 2ND
Plymouth Rocks batting - Pitching for Santa Barbara Golden Cranes : RHP José Guillén
Batting: RHB Zelmar Barajas 0-0: Ball
1-0: Ball
2-0: Foul Ball, location: 2F
2-1: Ball
3-1: Fly out, F4 (Popup, 34D)
Batting: SHB Javier Vega 0-0: Ball
1-0: Called Strike
1-1: Ball
2-1: Called Strike
2-2: Foul Ball, location: 2F
2-2: Ball
3-2: Foul Ball, location: 2F
3-2: Base on Balls
Batting: RHB José Santos 0-0: Called Strike
0-1: Ball
1-1: Swinging Strike
1-2: Fly out, F9 (Flyball, 9S)
Batting: LHB Octávio Ontiveros 0-0: Called Strike
0-1: Foul Ball, location: 2F
0-2: Strikes out swinging
Bottom of the 2nd over - 0 runs, 0 hits, 0 errors, 1 left on base; Santa Barbara 0 - Plymouth 0
TOP OF THE 3RD
Santa Barbara Golden Cranes batting - Pitching for Plymouth Rocks : RHP Nebosja Draskovic
Batting: RHB Freedon Akinmoladun 0-0: Ground out 5-3 (Groundball, 5L)
Batting: RHB Jorge López 0-0: Swinging Strike
0-1: Called Strike
0-2: Foul Ball, location: 2F
0-2: Foul Ball, location: 2F
0-2: Ball
1-2: Strikes out swinging
Batting: RHB James Pike 0-0: Called Strike
0-1: Ball
1-1: Ball
2-1: Called Strike
2-2: Strikes out looking
Top of the 3rd over - 0 runs, 0 hits, 0 errors, 0 left on base; Santa Barbara 0 - Plymouth 0
BOTTOM OF THE 3RD
Plymouth Rocks batting - Pitching for Santa Barbara Golden Cranes : RHP José Guillén
Batting: LHB Edgardo De Jesús 0-0: DOUBLE (Flyball, 8RD)
Batting: LHB Dae-ik Park 0-0: Ball
1-0: Swinging Strike
1-1: Called Strike
1-2: Foul Ball, location: 2F
1-2: Foul Ball, location: 2F
1-2: Strikes out looking
Batting: LHB Jeff Lawson 0-0: Called Strike
0-1: Called Strike
0-2: Ball
1-2: Foul Ball, location: 2F
1-2: Ball
2-2: Strikes out looking
Batting: LHB José Castillo 0-0: Ball
1-0: Called Strike
1-1: Ball
2-1: Ground out 6-3 (Groundball, 6M)
Bottom of the 3rd over - 0 runs, 1 hit, 0 errors, 1 left on base; Santa Barbara 0 - Plymouth 0
TOP OF THE 4TH
Santa Barbara Golden Cranes batting - Pitching for Plymouth Rocks : RHP Nebosja Draskovic
Batting: RHB Ed St. James 0-0: Fly out, F7 (Flyball, 78M)
Batting: LHB Armando Villarreal 0-0: Foul Ball, location: 2F
0-1: Ball
1-1: Ball
2-1: Foul Ball, location: 2F
2-2: Strikes out swinging
Batting: LHB Jin-song Seah 0-0: Ball
1-0: Ball
2-0: Ball
3-0: Base on Balls
Batting: LHB Xu Cheng 0-0: Called Strike
0-1: Ball
1-1: Swinging Strike
1-2: Foul Ball, location: 2F
1-2: Ball
2-2: Foul Ball, location: 2F
2-2: Ball
Jin-song Seah steals 2nd base
3-2: Strikes out looking
Top of the 4th over - 0 runs, 0 hits, 0 errors, 1 left on base; Santa Barbara 0 - Plymouth 0
BOTTOM OF THE 4TH
Plymouth Rocks batting - Pitching for Santa Barbara Golden Cranes : RHP José Guillén
Batting: RHB Scott McMahon 0-0: Ball
1-0: Called Strike
1-1: Ball
2-1: Swinging Strike
2-2: Foul Ball, location: 2F
2-2: Ground out 1-3 (Groundball, 15)
Batting: RHB Zelmar Barajas 0-0: Ball
1-0: Foul Ball, location: 2F
1-1: Ball
2-1: Foul Ball, location: 2F
2-2: Fly out, F9 (Flyball, 89S)
Batting: SHB Javier Vega 0-0: Fly out, F5 (Flyball, 5D)
Bottom of the 4th over - 0 runs, 0 hits, 0 errors, 0 left on base; Santa Barbara 0 - Plymouth 0
TOP OF THE 5TH
Santa Barbara Golden Cranes batting - Pitching for Plymouth Rocks : RHP Nebosja Draskovic
Batting: RHB Rodney Usry 0-0: Foul Ball, location: 2F
0-1: Foul Ball, location: 2F
0-2: Foul Ball, location: 2F
0-2: Ball
1-2: Ball
2-2: Strikes out looking
Batting: RHB Gilbert Graham 0-0: Ball
1-0: Called Strike
1-1: Ground out 5-3 (Groundball, 56)
Batting: RHB Freedon Akinmoladun 0-0: Swinging Strike
0-1: Ball
1-1: Swinging Strike
1-2: Strikes out looking
Top of the 5th over - 0 runs, 0 hits, 0 errors, 0 left on base; Santa Barbara 0 - Plymouth 0
BOTTOM OF THE 5TH
Plymouth Rocks batting - Pitching for Santa Barbara Golden Cranes : RHP José Guillén
Batting: RHB José Santos 0-0: Swinging Strike
0-1: Ball
1-1: SINGLE (Groundball, 6MD)
Batting: LHB Octávio Ontiveros 0-0: Ball
1-0: Sac Bunt - play at first, batter OUT! 5-4
José Santos to second
Batting: LHB Edgardo De Jesús 0-0: Called Strike
0-1: Called Strike
0-2: DOUBLE (Line Drive, 9LM)
José Santos scores
Batting: LHB Dae-ik Park 0-0: Ball
1-0: DOUBLE (Line Drive, 7D)
Edgardo De Jesús scores
Batting: LHB Jeff Lawson 0-0: Called Strike
0-1: Ground out 6-3 (Groundball, 6)
Batting: LHB José Castillo 0-0: Ball
1-0: Called Strike
1-1: Foul Ball, location: 2F
1-2: Foul Ball, location: 2F
1-2: Foul Ball, location: 2F
1-2: Strikes out looking
Bottom of the 5th over - 2 runs, 3 hits, 0 errors, 1 left on base; Santa Barbara 0 - Plymouth 2
TOP OF THE 6TH
Santa Barbara Golden Cranes batting - Pitching for Plymouth Rocks : RHP Nebosja Draskovic
Batting: RHB Jorge López 0-0: Ball
1-0: Ground out 5-3 (Groundball, 56S)
Batting: RHB James Pike 0-0: Fly out, F8 (Flyball, 89D)
Batting: RHB Ed St. James 0-0: Ground out 1-3 (Groundball, 13)
Top of the 6th over - 0 runs, 0 hits, 0 errors, 0 left on base; Santa Barbara 0 - Plymouth 2
BOTTOM OF THE 6TH
Plymouth Rocks batting - Pitching for Santa Barbara Golden Cranes : RHP José Guillén
Batting: RHB Scott McMahon 0-0: Ball
1-0: Swinging Strike
1-1: Called Strike
1-2: Ball
2-2: Strikes out swinging, 2-3 out at first.
Batting: RHB Zelmar Barajas 0-0: Ball
1-0: Fly out, F8 (Flyball, 8RS)
Batting: SHB Javier Vega 0-0: Ball
1-0: Ball
2-0: Ball
3-0: Base on Balls
Batting: RHB José Santos 0-0: Ball
1-0: Swinging Strike
1-1: Called Strike
1-2: Fly out, F9 (Flyball, 89S)
Bottom of the 6th over - 0 runs, 0 hits, 0 errors, 1 left on base; Santa Barbara 0 - Plymouth 2
TOP OF THE 7TH
Santa Barbara Golden Cranes batting - Pitching for Plymouth Rocks : RHP Nebosja Draskovic
Batting: LHB Armando Villarreal 0-0: Called Strike
0-1: Ball
1-1: Called Strike
1-2: Foul Ball, location: 2F
1-2: Strikes out looking
Batting: LHB Jin-song Seah 0-0: Swinging Strike
0-1: Called Strike
0-2: Ball
1-2: Strikes out swinging
Batting: LHB Xu Cheng 0-0: Ball
1-0: Ball
2-0: Foul Ball, location: 2F
2-1: Called Strike
2-2: Foul Ball, location: 2F
2-2: Foul Ball, location: 2F
2-2: Ball
3-2: Base on Balls
Batting: RHB Rodney Usry 0-0: Ball
1-0: Called Strike
1-1: Ball
2-1: Foul Ball, location: 2F
2-2: Fielders Choice at 2nd, 6-4 (Groundball, 56)
Top of the 7th over - 0 runs, 0 hits, 0 errors, 1 left on base; Santa Barbara 0 - Plymouth 2
BOTTOM OF THE 7TH
Plymouth Rocks batting - Pitching for Santa Barbara Golden Cranes : RHP José Guillén
Batting: LHB Octávio Ontiveros 0-0: Called Strike
0-1: Foul Ball, location: 2F
0-2: Ball
1-2: Ball
2-2: Strikes out swinging
Batting: LHB Edgardo De Jesús 0-0: Ball
1-0: Called Strike
1-1: Called Strike
1-2: Ball
2-2: Foul Ball, location: 2F
2-2: Ball
3-2: Base on Balls
Batting: LHB Dae-ik Park 0-0: Called Strike
0-1: Ball
1-1: Ball
2-1: Foul Ball, location: 2F
2-2: Foul Ball, location: 2F
2-2: Grounds into double play, 4-6-3 (Groundball, 4MD)
Bottom of the 7th over - 0 runs, 0 hits, 0 errors, 0 left on base; Santa Barbara 0 - Plymouth 2
TOP OF THE 8TH
Santa Barbara Golden Cranes batting - Pitching for Plymouth Rocks : RHP Nebosja Draskovic
Batting: RHB Gilbert Graham 0-0: Ball
1-0: Ground out 1-3 (Groundball, 15S)
Batting: RHB Freedon Akinmoladun 0-0: Called Strike
0-1: Swinging Strike
0-2: Ball
1-2: Foul Ball, location: 2F
1-2: Strikes out swinging
Batting: RHB Jorge López 0-0: Ball
1-0: Ground out 4-3 (Groundball, 4)
Top of the 8th over - 0 runs, 0 hits, 0 errors, 0 left on base; Santa Barbara 0 - Plymouth 2
BOTTOM OF THE 8TH
Plymouth Rocks batting - Pitching for Santa Barbara Golden Cranes : RHP José Guillén
Batting: LHB Jeff Lawson 0-0: Foul Ball, location: 2F
0-1: DOUBLE (Line Drive, 9D)
Batting: LHB José Castillo 0-0: Intentional Walk
Pinch Hitting: RHB Cosmo Bjorkenheim 0-0: Ball
1-0: Grounds into double play, 6-4-3 (Groundball, 56)
Jeff Lawson to third
Batting: RHB Zelmar Barajas 0-0: Called Strike
0-1: Ball
Wild Pitch!
Jeff Lawson scores
1-1: Ball
2-1: Foul Ball, location: 2F
2-2: Fly out, F7 (Flyball, 78D)
Bottom of the 8th over - 1 run, 1 hit, 0 errors, 0 left on base; Santa Barbara 0 - Plymouth 3
TOP OF THE 9TH
Santa Barbara Golden Cranes batting - Pitching for Plymouth Rocks : RHP Nebosja Draskovic
Now in CF: Cosmo Bjorkenheim
Batting: RHB James Pike 0-0: Swinging Strike
0-1: Called Strike
0-2: Ground out 6-3 (Groundball, 6)
Batting: RHB Ed St. James 0-0: Swinging Strike
0-1: Ball
1-1: Swinging Strike
1-2: Strikes out looking
Batting: LHB Armando Villarreal 0-0: Ball
1-0: Foul Ball, location: 2F
1-1: Ball
2-1: Ball
3-1: SINGLE (Groundball, 34D)
Batting: LHB Jin-song Seah 0-0: Called Strike
0-1: Ball
1-1: Swinging Strike
1-2: Ball
2-2: Ball
3-2: Foul Ball, location: 2F
3-2: Foul Ball, location: 2F
3-2: SINGLE (Line Drive, 6D)
Armando Villarreal to second
Armando Villarreal to third
Pitching: RHP David Moore
Batting: LHB Xu Cheng 0-0: Ball
1-0: Called Strike
1-1: Ball
2-1: Fly out, F9 (Flyball, 9LS)
Top of the 9th over - 0 runs, 2 hits, 0 errors, 2 left on base; Santa Barbara 0 - Plymouth 3
Saturday, December 22nd, 2018 - OOTP Baseball 18.8 Build 76